 Dungeon Crawl Stone Soup version 0.19-a0-1886-gd64a0f0 (webtiles) character file.

158 KarmaPolice the Vandal (level 5, 0/36 HPs)
             Began as a Halfling Hunter on Oct 16, 2016.
             Slain by an orc priest
             ... wielding a +0 trident
              (6 damage)
             ... on level 3 of the Dungeon.
             The game lasted 00:06:44 (4144 turns).

KarmaPolice the Vandal (Halfling Hunter)            Turns: 4144, Time: 00:06:45

Health: 0/36       AC:  3    Str: 13    XL:     5   Next: 67%
Magic:  6/6        EV: 14    Int:  9    God:
Gold:   92         SH:  0    Dex: 16    Spells: 0 memorised, 4 levels left

rFire  . . .     SeeInvis .     a - +1 hunting sling
rCold  . . .     Gourm    .     c - +0 leather armour
rNeg   . . .     Faith    .     (shield restricted)
rPois  .         Spirit   .     (no helmet)
rElec  .         Dismiss  .     (no cloak)
rCorr  .         Reflect  .     (no gloves)
MR     .....     Harm     .     (no boots)
Stlth  ++........               (no amulet)
                                (no ring)
                                (no ring)

@: no status effects
A: mutation resistance 1
a: no special abilities


You were on level 3 of the Dungeon.
You were not hungry.

You visited 1 branch of the dungeon, and saw 3 of its levels.

You collected 92 gold pieces.

Inventory:

Hand Weapons
 a - a +1 hunting sling (weapon)
 b - a +0 short sword
Missiles
 d - 35 sling bullets
 k - 8 silver tomahawks
 r - 49 stones (quivered)
Armour
 c - a +0 leather armour (worn)
Wands
 o - a wand of flame (15/48)
Scrolls
 e - 2 scrolls of enchant armour {unknown}
 i - 2 scrolls of noise {unknown}
 j - 2 scrolls of amnesia {unknown}
 l - 4 scrolls of remove curse {unknown}
 m - a scroll of blinking {unknown}
 p - a scroll of teleportation {unknown}
 s - a scroll of identify {unknown}
 u - 2 scrolls of random uselessness {unknown}
Potions
 g - a potion of flight {unknown}
 h - a potion of might {unknown}
 n - a potion of agility {unknown}
 q - a potion of curing {unknown}
 w - a potion of berserk rage {unknown}
Comestibles
 f - 2 bread rations
 t - 3 meat rations
 v - 4 fruits


   Skills:
 + Level 2.8 Fighting
 + Level 3.1 Short Blades
 + Level 6.6 Slings
 - Level 2.1 Dodging
 - Level 2.1 Stealth
 + Level 1.5 Evocations


You had 4 spell levels left.
You didn't know any spells.

Dungeon Overview and Level Annotations

Branches:
Dungeon (3/15)

Altars:


Innate Abilities, Weirdness & Mutations

You are small and have problems with some larger weapons.
You are somewhat resistant to further mutation.


Message History

You shoot a stone. The stone barely misses the orc.
The stone hits the orc priest but does no damage.
The orc priest is lightly wounded.
The orc closely misses you. The orc barely misses you.
The orc priest hits you from afar with a trident.
Firing (i - inventory. (,) - cycle):
r - 51 stones (quivered)
Press: ? - help, Shift-Dir - straight line, f/p - orc priest
Aim: an orc priest, wielding a trident and wearing a leather armour (lightly wounded)
You shoot a stone. The stone hits the orc.
The orc is moderately wounded.
The orc hits you but does no damage. The orc hits you with a mace.
* * * LOW HITPOINT WARNING * * *
Firing (i - inventory. (,) - cycle):
r - 50 stones (quivered)
Press: ? - help, Shift-Dir - straight line, f/p - orc priest
Aim: an orc priest, wielding a trident and wearing a leather armour (lightly wounded)
You shoot a stone.
The stone hits the orc but does no damage.
The orc is moderately wounded.
The orc priest hits you from afar with a trident.
You die...

..< .# >.###.#
....(# ....# ..(
#.######)#######
#......o÷.......
....#oo........ .
#@#.####### #.#.#
#.#.# #.#.# #.#.#
#.#..
#.################
#.................
##################


You could see an orc priest and 2 orcs.

Vanquished Creatures
  2 gnolls (D:2)
  6 adders
  An ooze (D:1)
  3 dart slugs
  3 leopard geckos (D:1)
  2 orcs (D:3)
  4 giant cockroaches (D:2)
  8 goblins
  9 hobgoblins
  4 jackals
  7 kobolds
  6 quokkas (D:2)
  4 bats
  4 frilled lizards
  5 rats
68 creatures vanquished.

Notes
Turn   | Place    | Note
-------+----------+-------------------------------------------
     0 | D:1      | KarmaPolice the Halfling Hunter began the quest for the Orb.
     0 | D:1      | Reached XP level 1. HP: 14/14 MP: 1/1
    47 | D:1      | Reached skill level 1 in Short Blades
    47 | D:1      | Reached XP level 2. HP: 6/19 MP: 2/2
   299 | D:1      | Reached skill level 6 in Slings
   533 | D:1      | Reached XP level 3. HP: 10/24 MP: 3/3
  1551 | D:2      | Reached XP level 4. HP: 11/30 MP: 4/4
  1579 | D:2      | HP: 2/45 [poisoned by an adder]
  2839 | D:2      | Reached XP level 5. HP: 20/35 MP: 5/5
  3112 | D:2      | Reached skill level 1 in Evocations
  4144 | D:3      | Slain by an orc priest

Vault maps used:
D:1:      dpeg_arrival_tiny_a
D:2:      wad_woods_tower, serial_bayou_pond_b
D:3:      first_bread

Skill      XL: |  1  2  3  4  5 |
---------------+----------------+-----
Fighting       | 2 |  2.8
Short Blades   | 1 2 3 |  3.1
Slings         | 6 |  6.6
Stealth        | 2 |  2.1
Evocations     | 1 |  1.5
Dodging        | |  2.1

Action                   |  1- 3 |  4- 6 || total
-------------------------+-------+-------++-------
Melee: Short sword       |   103 |   154 ||   257
 Fire: Hunting sling     |       |    55 ||    55
Evoke: Wand              |       |     3 ||     3
  Use: Potion            |     1 |       ||     1
 Stab: Sleeping          |     1 |     2 ||     3
       Distracted        |     1 |       ||     1
  Eat: Chunk             |     1 |     8 ||     9
       Pizza             |       |     1 ||     1
Armor: Leather armour    |    20 |    25 ||    45
       Skin              |     3 |     3 ||     6
Dodge: Dodged            |    62 |   125 ||   187
